 Dungeon Sprint DCSS version 0.16.1-18-g436b03c (webtiles) character file.

17100000 Vrock the Axe Maniac (level 27, -10/199 HPs)
             Began as a Gargoyle Gladiator on May 16, 2015.
             Was the Champion of Makhleb.
             Killed by divine providence
             ... invoked by an observer
              (14 damage)
             ... in the Dungeon (Sprint VIII: "Arena of Blood").
             The game lasted 00:10:42 (171 turns).

Vrock the Axe Maniac (Gargoyle Gladiator)            Turns: 171, Time: 00:10:42

Health: -10/199    AC: 29    Str: 30      XL:     27
Magic:  49/49      EV: 24    Int:  6 (11) God:    Makhleb [******]
Gold:   0          SH:  0    Dex: 10      Spells: 0 memorised, 80 levels left

rFire  . . .     SeeInvis +     l - +∞ Axe of Woe
rCold  . . .     Clarity  .     b - +0 leather armour
rNeg   + . .     SustAb   .     (no shield)
rPois  ∞         Gourm    .     c - +0 helmet
rElec  +         Spirit   .     (no cloak)
rCorr  .         Warding  .     (no gloves)
rMut   .         NoTele   +     (no boots)
MR     ++...                    (no amulet)
Stlth  +++.......               (no ring)
                                m - ring of see invisible

@: very slightly contaminated, hasted and slowed, very resistant to hostile
enchantments, fairly stealthy
A: able to fly continuously, big wings, negative energy resistance 1,
electricity resistance, unbreathing, petrification resistance, rot immunity, AC
+20
a: Fly, Minor Destruction, Lesser Servant of Makhleb, Major Destruction, Greater
Servant of Makhleb, Renounce Religion
0: Orb of Zot


You were in the Dungeon.
You worshipped Makhleb.
Makhleb was exalted by your worship.
You were not hungry.

You visited 1 branch

Inventory:

Hand weapons
 a - a +0 war axe
 l - the +∞ Axe of Woe (weapon)
   (You found it in the Dungeon)
Missiles
 d - 3 throwing nets (quivered)
Armour
 b - a +0 leather armour (worn)
 c - a +0 helmet (worn)
Jewellery
 m - a ring of see invisible (left hand)
Scrolls
 k - a scroll of blinking
Potions
 e - a potion of curing
 g - a potion of heal wounds
 i - 2 potions of magic
 j - a potion of berserk rage
Comestibles
 f - a bread ration


   Skills:
 O Level 27 Fighting
 O Level 27 Axes
 O Level 27 Throwing
 O Level 27 Armour
 O Level 27 Dodging
 O Level 27 Stealth
 O Level 27 Unarmed Combat
 O Level 27 Spellcasting
 O Level 27 Invocations


You had 80 spell levels left.
You didn't know any spells.

Dungeon Overview and Level Annotations

Branches:
Dungeon (1/1)

Altars:
Makhleb


Innate Abilities, Weirdness & Mutations

You are resistant to torment.
You are immune to poison.
You can fly continuously.
Your stone body is very resilient (AC +20).
Your wings are large and strong.
You resist negative energy.
You are resistant to electric shocks.
You can survive without breathing.
You are immune to petrification.
You are immune to rotting.


Message History

The scourge appears out of thin air!
A scourge comes into view.
The destroyer blinks!
You hear a shout!
The scourge hisses angrily.
A bag of meat comes into view. It is wielding a +9 war axe.
Items here: ) = †† a +9 battleaxe; a +30 ring of slaying; a meat hydra corpse a meat berserker corpse A great orb of eyes and an orc come into view.
You hear a shout! x7
The observer gazes at you.
The bolt of fire hits the bag of meat.
The bolt of fire misses you.
You hear a shout!
The dread throws hellfire at you.
The hellfire explodes!
The blast of hellfire engulfs you!
* * * LOW HITPOINT WARNING * * *
The blast of hellfire engulfs the dread.
The observer gazes at you. Something smites you!
You die...

............).....
...####....)##%##....
G..#..%...............
ooo..#.....))...#.#....
.o..#.......).).......
###...#......).)......V
##...o2.#W...S))).......
........)W)†.)))))...%...
.o.#.o.§@§)o.))))).....§.
....#.§§§§)).#))))...#...
......o#oS)..#)))....# .
.....#.)))))###)))....###.
#....V.))))...).§###......
##.o..G.)#)...)))._......
#.....#....§..#))...#...
.###..........#_)<._#.
....#.......#)....#


You could see a meat beast, a destroyer, 2 observers, 2 scourges, 2 dreads and
10 bags of meat.

Vanquished Creatures
  Dispater (D)
  Harold (D)
  8 great orbs of eyes (D)
  7 greater mummies (D)
  12 hell beasts (D)
  10 hell knights (D)
  5 hill giants (D)
  8 hydras (D)
  6 liches (D)
  36 ogres (D)
  82 orcs (D)
  6 phantoms (D)
  4 skeletal warriors (D)
  20 vampire knights (D)
  6 wraiths (D)
  6 sea snakes (D)
  2 tentacled monstrosities (D)
  3 Shadow Fiends (D)
  A reaper (D)
  9 large abominations (D)
  3 small abominations (D)
  2 shadows (D)
  14 crawling corpses (D)
252 creatures vanquished.

Vanquished Creatures (others)
  An orc (D)
  2 crawling corpses (D)
3 creatures vanquished.

Grand Total: 255 creatures vanquished

Notes
Turn   | Place    | Note
--------------------------------------------------------------
     0 | D        | Vrock, the Gargoyle Gladiator, began the quest for the Orb.
     0 | D        | Reached XP level 1. HP: 12/12 MP: 1/1
     2 | D        | Noticed a bag of meat
     2 | D        | Noticed a bag of meat
     2 | D        | Noticed a bag of meat
     4 | D        | Noticed a bag of meat
     5 | D        | Became a worshipper of Makhleb the Destroyer
     6 | D        | Noticed a bag of meat
     8 | D        | Killed a bag of meat
     8 | D        | Reached skill level 10 in Fighting
     8 | D        | Reached skill level 15 in Axes
     8 | D        | Reached XP level 2. HP: 14/28 MP: 2/2
     8 | D        | Reached XP level 3. HP: 16/33 MP: 3/3
     8 | D        | Reached XP level 4. HP: 18/39 MP: 4/4
     8 | D        | Reached XP level 5. HP: 19/43 MP: 5/5
     8 | D        | Reached XP level 6. HP: 21/48 MP: 6/6
     8 | D        | Reached XP level 7. HP: 23/53 MP: 7/7
     8 | D        | Reached XP level 8. HP: 25/59 MP: 8/8
     8 | D        | Reached XP level 9. HP: 26/63 MP: 9/9
     8 | D        | Reached XP level 10. HP: 28/68 MP: 10/10
     8 | D        | Reached XP level 11. HP: 30/73 MP: 11/11
    10 | D        | Noticed a bag of meat
    10 | D        | Noticed a bag of meat
    10 | D        | Killed a bag of meat
    10 | D        | Acquired Makhleb's first power
    10 | D        | Reached skill level 18 in Axes
    10 | D        | Reached XP level 12. HP: 18/81 MP: 12/12
    10 | D        | Killed a bag of meat
    10 | D        | Reached skill level 19 in Axes
    10 | D        | Reached XP level 13. HP: 79/88 MP: 13/13
    11 | D        | Killed a bag of meat
    11 | D        | Acquired Makhleb's second power
    11 | D        | Reached skill level 20 in Axes
    11 | D        | Gained mutation: Your wings are large and strong. [gargoyle growth]
    11 | D        | Reached XP level 14. HP: 93/96 MP: 14/14
    11 | D        | Killed a bag of meat
    11 | D        | Reached skill level 21 in Axes
    12 | D        | Noticed a meat berserker
    12 | D        | Noticed a bag of meat
    12 | D        | Noticed a meat berserker
    12 | D        | Noticed a meat berserker
    13 | D        | Noticed a bag of meat
    13 | D        | Noticed a bag of meat
    13 | D        | Killed a meat berserker
    13 | D        | Acquired Makhleb's third power
    13 | D        | Reached skill level 15 in Fighting
    13 | D        | Reached skill level 22 in Axes
    13 | D        | Reached XP level 15. HP: 43/103 MP: 15/15
    14 | D        | Noticed a bag of meat
    14 | D        | Noticed a bag of meat
    15 | D        | Killed a bag of meat
    15 | D        | Reached skill level 23 in Axes
    16 | D        | Killed a bag of meat
    16 | D        | Acquired Makhleb's fourth power
    16 | D        | Reached skill level 24 in Axes
    16 | D        | Killed a meat berserker
    16 | D        | Reached skill level 25 in Axes
    16 | D        | Reached skill level 15 in Throwing
    16 | D        | Reached skill level 1 in Armour
    16 | D        | Reached XP level 16. HP: 86/112 MP: 16/16
    16 | D        | Killed a bag of meat
    17 | D        | Noticed a bag of meat
    17 | D        | Noticed a bag of meat
    18 | D        | Noticed a meat berserker
    18 | D        | Noticed a bag of meat
    18 | D        | Killed a bag of meat
    18 | D        | Acquired Makhleb's fifth power
    18 | D        | Reached skill level 26 in Axes
    19 | D        | Noticed a bag of meat
    19 | D        | Killed a bag of meat
    19 | D        | Reached skill level 27 in Axes
    20 | D        | Noticed a bag of meat
    21 | D        | Noticed a bag of meat
    22 | D        | Noticed a bag of meat
    22 | D        | Killed a bag of meat
    22 | D        | Reached XP level 17. HP: 121/124 MP: 17/17
    22 | D        | Killed a bag of meat
    22 | D        | Killed a meat berserker
    22 | D        | Killed a bag of meat
    22 | D        | Reached skill level 27 in Dodging
    24 | D        | Noticed a bag of meat
    24 | D        | Noticed a meat berserker
    24 | D        | Noticed a destroyer
    25 | D        | Noticed a bag of meat
    25 | D        | Killed a destroyer
    25 | D        | Reached XP level 18. HP: 136/140 MP: 18/18
    25 | D        | Killed a bag of meat
    25 | D        | Reached skill level 5 in Armour
    25 | D        | Killed a bag of meat
    25 | D        | Reached skill level 27 in Fighting
    26 | D        | Killed a meat berserker
    27 | D        | Noticed a bag of meat
    27 | D        | Noticed a destroyer
    27 | D        | Noticed a bag of meat
    27 | D        | Noticed a bag of meat
    27 | D        | Noticed a bag of meat
    27 | D        | Noticed a bag of meat
    27 | D        | Noticed a bag of meat
    27 | D        | Noticed a bag of meat
    27 | D        | Noticed a bag of meat
    28 | D        | Noticed a bag of meat
    28 | D        | Noticed a large bag of meat
    28 | D        | Killed a bag of meat
    28 | D        | Killed a bag of meat
    28 | D        | Reached skill level 27 in Throwing
    28 | D        | Reached skill level 15 in Armour
    28 | D        | Reached XP level 19. HP: 151/151 MP: 18/18
    29 | D        | Noticed a bag of meat
    30 | D        | Noticed a bag of meat
    30 | D        | Killed a bag of meat
    30 | D        | Killed a bag of meat
    31 | D        | Noticed a meat berserker
    31 | D        | Killed a bag of meat
    31 | D        | Killed a bag of meat
    31 | D        | Reached skill level 27 in Armour
    33 | D        | Noticed a destroyer
    33 | D        | Noticed a bag of meat
    33 | D        | Noticed a bag of meat
    33 | D        | Killed a bag of meat
    33 | D        | Reached XP level 20. HP: 157/157 MP: 18/31
    33 | D        | Killed a bag of meat
    33 | D        | Reached skill level 10 in Invocations
    33 | D        | Killed a bag of meat
    33 | D        | Reached skill level 10 in Spellcasting
    33 | D        | Killed a bag of meat
    33 | D        | Reached skill level 15 in Stealth
    33 | D        | Killed a destroyer
    33 | D        | Reached skill level 15 in Invocations
    34 | D        | Noticed The Servant
    34 | D        | Noticed a bag of meat
    35 | D        | Noticed a destroyer
    35 | D        | Noticed a sculptor of flesh
    35 | D        | Killed a large bag of meat
    35 | D        | Reached skill level 15 in Unarmed Combat
    35 | D        | Killed a bag of meat
    35 | D        | Reached skill level 15 in Spellcasting
    35 | D        | Reached XP level 21. HP: 163/163 MP: 18/40
    36 | D        | Killed a bag of meat
    36 | D        | Killed a meat berserker
    36 | D        | Killed a bag of meat
    37 | D        | Killed a bag of meat
    37 | D        | Killed a bag of meat
    38 | D        | Noticed a bag of meat
    39 | D        | Noticed a destroyer
    40 | D        | Killed a bag of meat
    40 | D        | Killed a bag of meat
    40 | D        | Reached XP level 22. HP: 169/169 MP: 19/44
    41 | D        | Noticed a destroyer
    41 | D        | Noticed a bag of meat
    42 | D        | Noticed a sculptor of flesh
    42 | D        | Noticed a destroyer
    42 | D        | Killed a meat berserker
    42 | D        | Killed a bag of meat
    42 | D        | Killed The Servant
    42 | D        | Reached skill level 27 in Stealth
    44 | D        | Killed a bag of meat
    44 | D        | Killed a destroyer
    44 | D        | Killed a bag of meat
    44 | D        | Reached skill level 27 in Invocations
    45 | D        | Noticed a destroyer
    45 | D        | Killed a sculptor of flesh
    46 | D        | Noticed a meat berserker
    46 | D        | Noticed a destroyer
    47 | D        | Killed a bag of meat
    47 | D        | Reached skill level 27 in Unarmed Combat
    47 | D        | Reached XP level 23. HP: 175/175 MP: 21/47
    47 | D        | Killed a sculptor of flesh
    47 | D        | Reached skill level 27 in Spellcasting
    48 | D        | Noticed a destroyer
    48 | D        | Noticed a meat berserker
    48 | D        | Killed a meat berserker
    49 | D        | Noticed a meat berserker
    50 | D        | Noticed a meat berserker
    50 | D        | Killed a destroyer
    51 | D        | Noticed a destroyer
    51 | D        | Killed a destroyer
    51 | D        | Killed a destroyer
    51 | D        | Killed a destroyer
    52 | D        | Noticed a bag of meat
    52 | D        | Noticed a bag of meat
    52 | D        | Noticed a bag of meat
    53 | D        | Noticed a destroyer
    53 | D        | Noticed a bag of meat
    53 | D        | Killed a meat berserker
    53 | D        | Killed a meat berserker
    53 | D        | Reached XP level 24. HP: 181/181 MP: 22/48
    53 | D        | Killed a bag of meat
    54 | D        | Noticed a bag of meat
    54 | D        | Noticed a destroyer
    54 | D        | Noticed a sculptor of flesh
    55 | D        | Killed a meat berserker
    55 | D        | Killed a destroyer
    55 | D        | Killed a destroyer
    56 | D        | Noticed a large bag of meat
    56 | D        | Noticed a meat berserker
    57 | D        | Killed a destroyer
    58 | D        | Killed a destroyer
    59 | D        | Noticed a bag of meat
    60 | D        | Noticed a destroyer
    60 | D        | Killed a bag of meat
    60 | D        | Killed a bag of meat
    61 | D        | Noticed a meat berserker
    61 | D        | Killed a bag of meat
    61 | D        | Reached XP level 25. HP: 187/187 MP: 24/49
    61 | D        | Killed a bag of meat
    61 | D        | Killed a bag of meat
    63 | D        | Noticed a meat berserker
    63 | D        | Noticed a tyrant
    63 | D        | Noticed a large bag of meat
    63 | D        | Noticed a bag of meat
    64 | D        | Noticed a meat berserker
    65 | D        | Noticed a bag of meat
    66 | D        | Noticed a bag of meat
    67 | D        | Noticed a meat berserker
    67 | D        | Noticed a dread
    67 | D        | Killed a meat berserker
    67 | D        | Killed a tyrant
    67 | D        | Killed a large bag of meat
    69 | D        | Killed a dread
    71 | D        | Noticed a destroyer
    72 | D        | Killed a meat berserker
    73 | D        | Noticed a bag of meat
    73 | D        | Killed a meat berserker
    74 | D        | Noticed a bag of meat
    74 | D        | Killed a meat berserker
    74 | D        | Killed a destroyer
    74 | D        | Reached XP level 26. HP: 193/193 MP: 28/49
    75 | D        | Killed a bag of meat
    75 | D        | Killed a meat berserker
    77 | D        | Noticed a bag of meat
    77 | D        | Killed a destroyer
    77 | D        | Killed a bag of meat
    79 | D        | Noticed a wretched soul
    81 | D        | Killed a bag of meat
    81 | D        | Killed a destroyer
    81 | D        | Killed a bag of meat
    82 | D        | Killed a large bag of meat
    82 | D        | Killed a wretched soul
    83 | D        | Killed a sculptor of flesh
    83 | D        | Reached XP level 27. HP: 199/199 MP: 30/49
    84 | D        | Killed a bag of meat
    85 | D        | Noticed a meat berserker
    85 | D        | Noticed a bag of meat
    87 | D        | Killed a bag of meat
    87 | D        | Killed a bag of meat
    88 | D        | Noticed a meat berserker
    89 | D        | Noticed a wretched soul
    89 | D        | Noticed a meat berserker
    90 | D        | Noticed a meat beast
    91 | D        | Noticed a sculptor of flesh
    91 | D        | Noticed a tyrant
    91 | D        | Noticed a dread
    91 | D        | Noticed a tyrant
    91 | D        | Killed a meat berserker
    91 | D        | Killed a meat berserker
    91 | D        | Killed a meat berserker
    92 | D        | Noticed a large bag of meat
    93 | D        | Killed a destroyer
    93 | D        | Killed a meat beast
    95 | D        | Killed a wretched soul
    97 | D        | Killed a tyrant
    97 | D        | Killed a large bag of meat
    98 | D        | Noticed a meat beast
    98 | D        | Killed a sculptor of flesh
   100 | D        | Killed a dread
   100 | D        | Killed a tyrant
   102 | D        | Killed a meat beast
   103 | D        | Noticed a meat berserker
   103 | D        | Noticed a meat beast
   104 | D        | Noticed a bag of meat
   105 | D        | Noticed a dread
   106 | D        | Noticed a meat berserker
   106 | D        | Noticed a meat berserker
   106 | D        | Noticed a meat berserker
   106 | D        | Noticed an accursed
   106 | D        | Noticed a bag of meat
   106 | D        | Noticed a tyrant
   107 | D        | Noticed a meat berserker
   107 | D        | Killed a meat berserker
   107 | D        | Killed a meat beast
   108 | D        | Noticed a meat berserker
   108 | D        | Noticed an accursed
   108 | D        | Noticed a wretched soul
   108 | D        | Noticed a bag of meat
   108 | D        | Noticed an accursed
   109 | D        | Killed a bag of meat
   109 | D        | Killed a meat berserker
   110 | D        | Noticed a bag of meat
   110 | D        | Noticed a wretched soul
   110 | D        | Noticed a tyrant
   111 | D        | Noticed a meat berserker
   111 | D        | Noticed a large bag of meat
   111 | D        | Killed a dread
   111 | D        | Killed a meat berserker
   111 | D        | Killed a bag of meat
   112 | D        | Noticed a bag of meat
   112 | D        | Killed a meat berserker
   113 | D        | Killed a meat berserker
   113 | D        | Killed a meat berserker
   114 | D        | Noticed a bag of meat
   114 | D        | Noticed a bag of meat
   115 | D        | Noticed a meat berserker
   115 | D        | Killed a tyrant
   115 | D        | Killed an accursed
   115 | D        | Killed a bag of meat
   116 | D        | Noticed a wretched soul
   116 | D        | Noticed a meat beast
   116 | D        | Noticed an observer
   117 | D        | Noticed an accursed
   117 | D        | Noticed a wretched soul
   117 | D        | Killed a wretched soul
   117 | D        | Killed an accursed
   117 | D        | Killed a large bag of meat
   117 | D        | Killed a meat berserker
   118 | D        | Noticed an observer
   118 | D        | Noticed a bag of meat
   118 | D        | Noticed a meat beast
   118 | D        | Killed a tyrant
   118 | D        | Killed a wretched soul
   118 | D        | Killed an accursed
   119 | D        | Killed a meat berserker
   119 | D        | Killed a bag of meat
   120 | D        | Noticed a meat berserker
   120 | D        | Noticed a bag of meat
   120 | D        | Noticed a bag of meat
   120 | D        | Noticed a meat berserker
   121 | D        | Killed a meat beast
   121 | D        | Killed a bag of meat
   121 | D        | Noticed a bag of meat
   122 | D        | Killed a meat beast
   122 | D        | Killed a bag of meat
   123 | D        | Noticed a destroyer
   123 | D        | Noticed a fleshlord
   123 | D        | Noticed a bag of meat
   123 | D        | Noticed a meat berserker
   123 | D        | Noticed a bag of meat
   123 | D        | Killed a meat berserker
   123 | D        | Killed a fleshlord
   124 | D        | Killed a bag of meat
   124 | D        | Noticed a destroyer
   125 | D        | Noticed a bag of meat
   125 | D        | Noticed a bag of meat
   125 | D        | Noticed a meat beast
   125 | D        | Killed an observer
   125 | D        | Killed a meat berserker
   125 | D        | Killed a wretched soul
   125 | D        | Killed an observer
   125 | D        | Noticed a bag of meat
   126 | D        | Noticed a fleshlord
   126 | D        | Noticed a fleshlord
   127 | D        | Noticed a bag of meat
   127 | D        | Noticed a meat berserker
   127 | D        | Noticed an accursed
   127 | D        | Killed a wretched soul
   127 | D        | Killed a destroyer
   128 | D        | Noticed a fleshlord
   129 | D        | Noticed a dread
   129 | D        | Killed a bag of meat
   129 | D        | Killed a meat beast
   129 | D        | Killed a meat berserker
   130 | D        | Noticed a bag of meat
   130 | D        | Killed a bag of meat
   130 | D        | Killed a bag of meat
   130 | D        | Killed a meat berserker
   131 | D        | Noticed a bag of meat
   132 | D        | Killed a fleshlord
   132 | D        | Killed a bag of meat
   132 | D        | Killed a bag of meat
   133 | D        | Noticed a fleshlord
   133 | D        | Killed a destroyer
   133 | D        | Killed a bag of meat
   134 | D        | Noticed a meat berserker
   134 | D        | Noticed a dread
   134 | D        | Killed a fleshlord
   134 | D        | Killed a bag of meat
   135 | D        | Noticed a meat beast
   135 | D        | Noticed a meat beast
   135 | D        | Noticed a fleshlord
   136 | D        | Noticed a meat beast
   136 | D        | Killed a bag of meat
   136 | D        | Killed a bag of meat
   136 | D        | Noticed a fleshlord
   137 | D        | Noticed a bag of meat
   137 | D        | Noticed a meat berserker
   138 | D        | Killed an accursed
   138 | D        | Killed a bag of meat
   138 | D        | Killed a meat beast
   139 | D        | Noticed an accursed
   139 | D        | Killed a meat beast
   139 | D        | Killed a meat berserker
   140 | D        | Noticed a destroyer
   140 | D        | Killed a dread
   141 | D        | Noticed a meat berserker
   141 | D        | Killed a meat beast
   141 | D        | Killed a meat berserker
   141 | D        | Killed a fleshlord
   142 | D        | Noticed an accursed
   142 | D        | Noticed a bag of meat
   142 | D        | Killed a fleshlord
   142 | D        | Killed an accursed
   142 | D        | Killed a dread
   143 | D        | Noticed a bag of meat
   143 | D        | Noticed a fleshlord
   143 | D        | Killed a destroyer
   143 | D        | Killed a fleshlord
   144 | D        | Noticed a fleshlord
   144 | D        | Noticed a meat berserker
   145 | D        | Noticed a bag of meat
   145 | D        | Noticed a destroyer
   145 | D        | Noticed a bag of meat
   145 | D        | Noticed a tyrant
   146 | D        | Noticed an observer
   146 | D        | Noticed a dread
   146 | D        | Killed an accursed
   146 | D        | Killed a bag of meat
   147 | D        | Noticed a meat beast
   148 | D        | Noticed a meat berserker
   148 | D        | Noticed a meat beast
   148 | D        | Killed a fleshlord
   148 | D        | Killed a meat berserker
   148 | D        | Killed a bag of meat
   148 | D        | Noticed a bag of meat
   149 | D        | Noticed a destroyer
   149 | D        | Noticed an observer
   149 | D        | Noticed a bag of meat
   149 | D        | Noticed a bag of meat
   149 | D        | Noticed a bag of meat
   150 | D        | Noticed an observer
   150 | D        | Killed a bag of meat
   150 | D        | Killed a bag of meat
   150 | D        | Killed an accursed
   150 | D        | Killed a meat beast
   151 | D        | Noticed a bag of meat
   151 | D        | Noticed a meat beast
   151 | D        | Noticed an observer
   151 | D        | Killed a meat berserker
   151 | D        | Killed a destroyer
   151 | D        | Killed a meat berserker
   152 | D        | Noticed a bag of meat
   152 | D        | Noticed a bag of meat
   152 | D        | Noticed a bag of meat
   152 | D        | Killed a meat beast
   152 | D        | Killed a bag of meat
   152 | D        | Killed an observer
   153 | D        | Noticed a bag of meat
   153 | D        | Noticed an observer
   154 | D        | Killed a fleshlord
   155 | D        | Noticed a meat berserker
   155 | D        | Noticed an observer
   155 | D        | Killed an observer
   155 | D        | Killed a bag of meat
   155 | D        | Killed a meat beast
   155 | D        | Killed an observer
   157 | D        | Noticed a dread
   157 | D        | Noticed The Meatlord
   157 | D        | Killed a tyrant
   157 | D        | Killed a dread
   157 | D        | Killed a bag of meat
   157 | D        | Killed an observer
   158 | D        | Noticed a fleshlord
   158 | D        | Killed a fleshlord
   158 | D        | Killed a bag of meat
   158 | D        | Killed a bag of meat
   159 | D        | Killed a meat berserker
   159 | D        | Killed a destroyer
   159 | D        | Killed a bag of meat
   160 | D        | Noticed a bag of meat
   160 | D        | Killed a bag of meat
   160 | D        | Killed a bag of meat
   161 | D        | Noticed a destroyer
   161 | D        | Noticed a bag of meat
   162 | D        | Killed an observer
   162 | D        | Killed a bag of meat
   162 | D        | Killed a bag of meat
   162 | D        | Killed a bag of meat
   163 | D        | Noticed a bag of meat
   163 | D        | Killed an observer
   165 | D        | Noticed an observer
   165 | D        | Noticed a bag of meat
   165 | D        | Killed a fleshlord
   166 | D        | Noticed a dread
   167 | D        | Killed The Meatlord
   167 | D        | Killed a bag of meat
   168 | D        | Got the Orb of Zot
   169 | D        | Noticed a bag of meat
   169 | D        | Noticed a bag of meat
   169 | D        | Killed a bag of meat
   170 | D        | Noticed a meat beast
   170 | D        | Noticed a bag of meat
   170 | D        | Noticed a bag of meat
   171 | D        | Noticed a bag of meat
   171 | D        | Noticed a bag of meat
   171 | D        | Noticed an observer
   171 | D        | HP: 4/199 [dread/blast of hellfire (38)]
   171 | D        | Killed from afar by an observer

Action                   |  1- 3 |  4- 6 |  7- 9 | 10-12 | 13-15 | 16-18 | 19-21 | 22-24 | 25-27 || total
-------------------------+-------+-------+-------+-------+-------+-------+-------+-------+-------++-------
Melee: Executioner's axe |     1 |       |       |     1 |     4 |     6 |     8 |    13 |    65 ||    98
  Use: Potion            |       |       |       |       |       |       |       |       |     1 ||     1
